 Dungeon Crawl Stone Soup version 0.17.1-3-g152610e (webtiles) character file.

3298 Heskey the Protected (level 9, 0/81 HPs)
             Began as a Deep Dwarf Fighter on Mar 23, 2016.
             Was a Follower of Makhleb.
             Succumbed to a killer bee's poison
             ... on level 7 of the Dungeon.
             The game lasted 00:14:21 (6321 turns).

Heskey the Protected (Deep Dwarf Fighter)           Turns: 6321, Time: 00:14:22

Health: 0/81       AC: 19    Str: 23    XL:     9   Next: 70%
Magic:  13/13      EV:  5    Int: 13    God:    Makhleb [*.....]
Gold:   215        SH: 11    Dex: 12    Spells: 0 memorised, 8 levels left

rFire  + . .     SeeInvis .     a - +0 war axe
rCold  x . .     Clarity  .     o - +1 plate armour
rNeg   . . .     SustAt   .     c - +0 shield
rPois  .         Gourm    .     (no helmet)
rElec  .         Spirit   .     r - +0 cloak {+Inv}
rCorr  .         Warding  .     p - +0 pair of gloves (curse)
rMut   .         Stasis   .     B - +0 pair of boots
MR     +....                    (no amulet)
Stlth  ..........               C - +4 ring of intelligence
                                l - ring of fire

@: lethally poisoned (0 -> -1), non-regenerating, somewhat resistant to hostile
enchantments, extremely unstealthy
A: damage resistance, recharge devices, sense surroundings 2, slow regeneration
3
a: Device Recharging, Renounce Religion, Evoke Invisibility


You were on level 7 of the Dungeon.
You worshipped Makhleb.
Makhleb was aware of your devotion.
You were not hungry.

You visited 2 branches of the dungeon, and saw 8 of its levels.
You also visited: Sewer.

You collected 215 gold pieces.

Inventory:

Hand Weapons
 a - a +0 war axe (weapon)
Missiles
 x - 5 tomahawks (quivered)
Armour
 c - a +0 shield (worn)
 o - a +1 plate armour (worn)
 p - a cursed +0 pair of gloves (worn)
 r - a +0 cloak of invisibility (worn)
 B - a +0 pair of boots (worn)
Jewellery
 d - an uncursed ring of protection from cold {unknown}
 l - a ring of fire (left hand)
 q - a cursed -5 ring of dexterity {unknown}
 y - an uncursed ring of see invisible {unknown}
 C - a +4 ring of intelligence (right hand)
Wands
 e - a wand of heal wounds (1)
 k - a wand of digging (9)
 s - a wand of heal wounds (0)
 z - a wand of magic darts (20)
 H - a wand of confusion (39)
Scrolls
 b - 6 scrolls of teleportation
 g - 13 scrolls of identify
 i - 4 scrolls of remove curse
 t - 3 scrolls of magic mapping
 v - a scroll of blinking
 E - a scroll of amnesia {unknown}
 I - a scroll of vulnerability {unknown}
Potions
 h - 2 potions of cancellation
 j - a potion of magic
 m - 3 potions of might
 n - 3 potions of curing {unknown}
 u - 4 potions of heal wounds {unknown}
 w - a potion of lignification {unknown}
 D - a potion of beneficial mutation {unknown}
 F - a potion of mutation {unknown}
 G - 2 potions of brilliance
Comestibles
 f - a beef jerky
 A - 2 bread rations
 J - a meat ration


   Skills:
 + Level 5.5 Fighting
 * Level 7.9 Axes
 * Level 9.1 Armour
 + Level 6.6 Shields
 + Level 6.7 Evocations


You had 8 spell levels left.
You didn't know any spells.

Dungeon Overview and Level Annotations

Branches:
Dungeon (7/15)             Temple (1/1) D:6

Altars:
Cheibriados
Dithmenos
Elyvilon
Fedhas
Gozag
Makhleb
Qazlal
Ru
Sif Muna
Vehumet
Xom
Yredelemnul


Innate Abilities, Weirdness & Mutations

You are resistant to damage.
You can recharge devices by infusing magical energy.
You passively map the area around you.
You do not regenerate naturally.


Message History

You miss the killer bee.
The killer bee is almost dead.
The killer bee stings you. x2
You are lethally poisoned!
The killer bee poisons you!
You miss the killer bee.
The killer bee is almost dead.
* * * LOW HITPOINT WARNING * * *
You feel very sick.
The killer bee stings you but does no damage. x2
You block the killer bee's attack.
You completely miss the killer bee.
The killer bee is almost dead.
* * * LOW HITPOINT WARNING * * *
You feel sick.
The killer bee stings you but does no damage.
The killer bee completely misses you.
Drink which item? (? for menu, Esc to quit)
It was a potion of magic.
Magic courses through your body.
You die...

###........#,,,* *
* , ,
######...........
, * * ###
.......... , , ..#
*.......... , , ,
..# .......... , ,
, * ..# ########'#
* , ..######## #.#
** , ..[......#
#y# ,,, ,, , ,
########.# #@#,
*,* , #.######.#
#.# , * * ,*
#........# #.#* *
,
#.######.#######.#
* #.# #..........#
#.# #.########## *
#.#####.## ,
#........# * *
#.######## ,


You could see a killer bee.

Vanquished Creatures
  Pikel (D:7)
  The ghost of Shufflesack the Carver, a novice MiGl (D:5)
  Grinder (D:3)
  Prince Ribbit (D:6)
  4 killer bees (D:7)
  3 phantoms
  An ice beast (D:7)
  A centaur (D:6)
  3 sky beasts
  A slave (D:7)
  A necrophage (D:7)
  An ogre (D:5)
  A giant frog (D:7)
  3 crimson imps
  2 hounds
  Crazy Yiuf (D:2)
  A giant frog skeleton (D:7)
  3 orc priests
  4 orc wizards
  Natasha (D:2)
  An iguana (D:7)
  5 worker ants
  A hound zombie (D:5)
  2 hound skeletons
  13 adders
  4 gnolls (D:5)
  A shadow imp (D:6)
  An adder zombie (D:6)
  5 worms
  3 giant geckos
  17 orcs
  5 hobgoblins
  23 jackals
  10 kobolds
  2 ball pythons
  6 bats
  6 giant cockroaches
  A giant gecko skeleton (D:7)
  8 giant newts
  8 goblins
  2 quokkas
  6 rats
165 creatures vanquished.

Vanquished Creatures (others)
  2 slaves (D:7)
2 creatures vanquished.

Grand Total: 167 creatures vanquished

Notes
Turn   | Place    | Note
--------------------------------------------------------------
     0 | D:1      | Heskey the Deep Dwarf Fighter began the quest for the Orb.
     0 | D:1      | Reached XP level 1. HP: 20/20 MP: 1/1
   279 | D:1      | Reached XP level 2. HP: 25/27 MP: 2/2
   887 | D:2      | Reached skill level 4 in Armour
   948 | D:2      | Reached XP level 3. HP: 23/33 MP: 3/3
  1115 | D:2      | Noticed Crazy Yiuf
  1125 | D:2      | Killed Crazy Yiuf
  1125 | D:2      | Reached XP level 4. HP: 16/42 MP: 4/4
  1381 | D:2      | Noticed Natasha
  1389 | D:2      | Killed Natasha
  1407 | D:2      | Reached skill level 1 in Evocations
  1514 | D:2      | Reached XP level 5. HP: 23/49 MP: 4/6
  1686 | D:3      | Found a shadowy altar of Dithmenos.
  2084 | D:3      | Noticed Grinder
  2088 | D:3      | Paralysed by Grinder for 5 turns
  2117 | D:3      | Paralysed by Grinder for 2 turns
  2132 | D:3      | Killed Grinder
  2132 | D:3      | Reached skill level 5 in Armour
  2132 | D:3      | Reached XP level 6. HP: 4/56 MP: 7/7
  2692 | D:4      | Found a blossoming altar of Fedhas.
  3033 | D:4      | Reached XP level 7. HP: 51/63 MP: 9/9
  3240 | D:4      | Reached skill level 6 in Armour
  3352 | D:5      | Entered Level 5 of the Dungeon
  3585 | D:5      | Reached skill level 5 in Axes
  3675 | D:5      | Noticed Shufflesack's ghost (novice MiGl)
  3689 | D:5      | Killed Shufflesack's ghost
  3689 | D:5      | Reached skill level 7 in Armour
  3689 | D:5      | Reached skill level 5 in Shields
  3689 | D:5      | Reached XP level 8. HP: 30/73 MP: 11/11
  3779 | D:5      | Found a glowing drain.
  3809 | Sewer    | Entered a sewer
  4611 | D:5      | Reached skill level 5 in Evocations
  4924 | D:5      | Found a shimmering altar of Xom.
  4927 | D:5      | Found an opulent altar of Gozag.
  4930 | D:5      | Found a sacrificial altar of Ru.
  5033 | D:6      | Noticed Prince Ribbit
  5057 | D:6      | Killed Prince Ribbit
  5139 | D:6      | Reached skill level 8 in Armour
  5347 | D:6      | Gained mutation: You passively map the area around you. [Deep Dwarf growth]
  5347 | D:6      | Reached XP level 9. HP: 58/80 MP: 13/13
  5467 | D:6      | Found a staircase to the Ecumenical Temple.
  5507 | Temple   | Entered the Ecumenical Temple
  5531 | Temple   | Became a worshipper of Makhleb the Destroyer
  5563 | D:6      | Found a deep blue altar of Sif Muna.
  5786 | D:7      | Reached skill level 5 in Fighting
  5828 | D:7      | Noticed Pikel
  5840 | D:7      | Killed Pikel
  6264 | D:7      | Reached skill level 9 in Armour
  6276 | D:7      | Reached * piety under Makhleb
  6319 | D:7      | HP: 3/81 [poisoned by a killer bee]
  6320 | D:7      | HP: 1/81 [poisoned by a killer bee]
  6321 | D:7      | Succumbed to a killer bee's poison

Action                   |  1- 3 |  4- 6 |  7- 9 || total
-------------------------+-------+-------+-------++-------
Melee: War axe           |    98 |   208 |   590 ||   896
 Abil: Device Recharging |       |       |     1 ||     1
Evoke: Wand              |       |     6 |     6 ||    12
  Use: Potion            |       |     5 |     2 ||     7
       Scroll            |       |       |     8 ||     8
  Eat: Bread ration      |       |     1 |     1 ||     2
       Chunk             |       |     2 |     2 ||     4
       Meat ration       |       |       |     2 ||     2
